 Dungeon Crawl Stone Soup version 0.28.0-53-g5a82cb258f (webtiles) character file.

Game seed: 7732653588044422306

144 Sin92 the Skirmisher (level 5, -5/36 HPs)
             Began as a Demonspawn Fighter on June 22, 2022.
             Slain by a scorpion (6 damage)
             ... on level 4 of the Dungeon.
             The game lasted 00:03:08 (3036 turns).

Sin92 the Skirmisher (Demonspawn Fighter)           Turns: 3036, Time: 00:03:09

Health: -5/36      AC: 10    Str: 16 (17) XL:     5   Next: 5%
Magic:  5/5        EV:  9    Int: 10 (11) God:
Gold:   131        SH:  5    Dex: 12 (14) Spells: 4/4 levels left

rFire   . . .      SeeInvis .   r - +4 mace "Paovot" {spect, rElec Stlth+}
rCold   . . .      Faith    .   c - +1 buckler
rNeg    . . .      Spirit   .   b - +0 scale mail
rPois   .          Reflect  .   (helmet restricted)
rElec   +          Harm     .   (no cloak)
rCorr   .          Rampage  .   (no gloves)
Will    .....                   m - +0 pair of boots
Stlth   +.........              (no amulet)
HPRegen 0.12/turn               (no ring)
MPRegen 0.09/turn               (no ring)

@: lethally poisoned (-5 -> -10), invisible
A: antennae 1, molten scales 2, spiny 1, clever 1, frail 1, wild magic 1,
devolution 1
a: no special abilities


You were on level 4 of the Dungeon.
You visited 1 branch of the dungeon, and saw 4 of its levels.

You collected 131 gold pieces.

Inventory:

Hand Weapons
 a - a +0 trident
 r - the +4 mace "Paovot" (weapon) {spect, rElec Stlth+}
   (You found it on level 3 of the Dungeon)

   When its wielder attacks, the weapon's spirit leaps out and strikes again.
   The spirit shares a part of any damage it takes with its wielder.
   rElec:     It insulates you from electricity.
   Stlth:     It makes you more stealthy.
Armour
 b - a +0 scale mail (worn)
 c - a +1 buckler (worn)
 m - a +0 pair of boots (worn)
Jewellery
 e - a ring of magical power
 h - an amulet of magic regeneration
 j - a +6 ring of intelligence
 l - the ring "Joxis" {rF+ rC+ Will+ Dex+5}
   (You found it on level 3 of the Dungeon)

   [ring of protection from cold]

   Dex:       It affects your dexterity (+5).
   rF:        It protects you from fire.
   rC:        It protects you from cold.
   Will:      It increases your willpower.
 o - a ring of wizardry
Wands
 k - a wand of iceblast (13)
Scrolls
 i - a scroll of identify
 q - a scroll of fog
 s - a scroll of vulnerability {unknown}
 t - a scroll of immolation {unknown}
Potions
 d - a potion of might
 f - 2 potions of attraction
 g - a potion of degeneration


   Skills:
 + Level 3.6 Fighting
 * Level 0.0 Maces & Flails
 - Level 3.1 Polearms
 + Level 3.1 Armour
 + Level 1.4 Dodging
 + Level 3.2 Shields


You had 4 spell levels left.
You didn't know any spells.
Your spell library contained the following spells:

 Spells                   Type           Power      Damage    Failure   Level
 Leda's Liquefaction      Hex/Erth       0%         N/A       100%        4
 Lee's Rapid Deconstruct  Erth           0%         3d5*      100%        5
 Statue Form              Tmut/Erth      0%         N/A       100%        6


Dungeon Overview and Level Annotations

Branches:
Dungeon (4/15)
 Temple: D:4-7

Altars:
Ashenzari
Gozag
The Shining One

Shops:
D:1 *[


Innate Abilities, Weirdness & Mutations

You have a pair of small antennae on your head.
You are mostly covered in molten scales. (AC +3)
You are partially covered in sharp spines.
Your mind is acute. (Int +2)
You are frail. (-10% HP)
Your spells are a little harder to cast, but a little more powerful.
You have hidden genetic defects.


Message History

The scorpion stings you but does no damage. x2
Unknown command.
You hit the scorpion but do no damage.
The scorpion is moderately wounded.
Your +4 mace "Paovot" {spect, rElec Stlth+} barely misses the scorpion.
You feel very sick. The scorpion is struck by your spines.
The scorpion stings you.
You are more poisoned.
The scorpion poisons you!
You are too injured to fight recklessly!
Unknown command.
You are too injured to fight recklessly!
Unknown command.
You are too injured to fight recklessly!
Unknown command.
You are too injured to fight recklessly!
It was a potion of degeneration.
There was something very wrong with that liquid.
You feel weakened.
You feel dopey.
You feel clumsy.
You feel very sick.
The scorpion stings you but does no damage.
The scorpion is struck by your spines. The scorpion barely misses you.
It was a potion of mutation.
You feel extremely strange.
You feel clever.
You feel frail.
You feel a hidden malignance growing inside you.
You feel less in control of your magic.
You feel very sick. You block the scorpion's attack. The hobgoblin hits you.
* * * LOW HITPOINT WARNING * * *
It was a potion of invisibility.
You fade into invisibility!
* * * LOW HITPOINT WARNING * * *
You feel sick. The scorpion barely misses you.
The hobgoblin is struck by your spines. The hobgoblin hits you.
* * * LOW HITPOINT WARNING * * *
You hit the hobgoblin.
You kill the hobgoblin!
* * * LOW HITPOINT WARNING * * *
You feel very sick. The scorpion stings you.
You die...

### ..### ####...## . >.
.....# .. .#
#.#.#############...
.####...................
.......................#
.#######.....#..@s...#.
.# #........!....$.....#
.# #..........#.........
.............##.$.......
.###.........##......##.
.# #.........##......#
## #.........######.## #
########..# .# # #..# #


You could see a scorpion.

Vanquished Creatures
  Natasha (twice) (D:2)
  2 adders
  A white imp (D:3)
  An adder skeleton (D:4)
  2 dart slugs (D:3)
  5 orcs (D:3)
  7 ball pythons
  4 bats
  2 endoplasms
  5 goblins
  6 hobgoblins
  8 kobolds
  2 quokkas (D:1)
  3 frilled lizards
  7 rats
57 creatures vanquished.

Vanquished Creatures (others)
  16 plants (D:3)
16 creatures vanquished.

Grand Total: 73 creatures vanquished

Notes
Turn   | Place    | Note
-------+----------+-------------------------------------------
     0 | D:1      | Sin92 the Demonspawn Fighter began the quest for the Orb.
     0 | D:1      | Reached XP level 1. HP: 18/18 MP: 1/1
    61 | D:1      | Found Ufoiseus's Assorted Antiques.
   292 | D:1      | Gained mutation: You are partially covered in molten
                  | scales. (AC +2) [demonic ancestry]
   292 | D:1      | Reached XP level 2. HP: 19/24 MP: 2/2
   532 | D:1      | Found Wigafu's Armour Shop.
   678 | D:1      | Found a faded altar of an unknown god.
  1239 | D:2      | Gained mutation: You are mostly covered in molten scales.
                  | (AC +3) [demonic ancestry]
  1239 | D:2      | Reached XP level 3. HP: 21/29 MP: 3/3
  1761 | D:2      | Noticed Natasha
  1769 | D:2      | Killed Natasha
  1770 | D:2      | Reached skill level 1 in Dodging
  1934 | D:2      | Noticed Natasha
  1942 | D:2      | Killed Natasha
  1943 | D:2      | Gained mutation: You are partially covered in sharp spines.
                  | [demonic ancestry]
  1943 | D:2      | Reached XP level 4. HP: 25/35 MP: 4/4
  2186 | D:3      | Found a broken altar of Ashenzari.
  2251 | D:3      | Identified the ring "Joxis" {rF+ rC+ Will+ Dex+5}
  2692 | D:3      | Found an opulent altar of Gozag.
  2740 | D:3      | Gained mutation: You have a pair of small antennae on your
                  | head. [demonic ancestry]
  2740 | D:3      | Reached XP level 5. HP: 41/41 MP: 5/5
  2797 | D:3      | Identified the +4 mace "Paovot" {spect, rElec Stlth+}
  3034 | D:4      | Gained mutation: Your mind is acute. (Int +2) [potion of
                  | mutation]
  3034 | D:4      | Gained mutation: You are frail. (-10% HP) [potion of
                  | mutation]
  3034 | D:4      | Gained mutation: You have hidden genetic defects. [potion
                  | of mutation]
  3034 | D:4      | Gained mutation: Your spells are a little harder to cast,
                  | but a little more powerful. [potion of mutation]
  3036 | D:4      | HP: 1/36 [poisoned by a scorpion]
  3036 | D:4      | Slain by a scorpion

Illustrated notes

Levels and vault maps discovered:
D:1:      lightli_arrival_windingriver, layout_loops_corners, serial_shops,
          shop, nicolae_square_shop, shapermc_ecumenical_altar_mp_highgroup
D:2:      layout_loops_corners, uniq_natasha
D:3:      layout_loops_ring, marbit_many_paths, nicolae_overflow_crystal_walls,
          mainiacjoe_overflow_catwalk, serial_bayou_lagoon_a,
          chequers_serial_rivers_micro_a
D:4:      layout_rooms, ebering_ghost_disaster_area,
          minmay_hollow_rounded_squares, uniq_sigmund

Skill      XL: |  1  2  3  4 |
---------------+-------------+-----
Polearms       | 2 3 |  3.1
Armour         | 3 |  3.1
Dodging        | 1 |  1.4
Shields        | 3 |  3.2
Fighting       | |  3.6

Action                   |  1- 3 |  4- 6 || total
-------------------------+-------+-------++-------
Melee: Trident           |    95 |    68 ||   163
       Mace              |       |     7 ||     7
  Use: Scroll            |       |     5 ||     5
       Potion            |       |     3 ||     3
Armor: Scale mail        |    29 |    20 ||    49
Dodge: Dodged            |    37 |    22 ||    59
Block: Buckler           |    18 |    19 ||    37
